 Dungeon Crawl Stone Soup version 0.26-a0-651-gb41185065b (webtiles) character file.

Game seed: 9787221697499123233

826 Flugslaktarn the Chopper (level 7, -2/67 HPs)
             Began as a Deep Dwarf Fighter on Oct 19, 2020.
             Was an Initiate of Makhleb.
             Slain by an ogre
             ... wielding a cursed -2 giant club
              (17 damage)
             ... on level 6 of the Dungeon.
             The game lasted 00:01:32 (1743 turns).

Flugslaktarn the Chopper (Deep Dwarf Fighter)       Turns: 1743, Time: 00:01:33

Health: -2/67      AC: 13    Str: 25    XL:     7   Next: 64%
Magic:  8/8        EV:  5    Int:  9    God:    Makhleb [......]
Gold:   114        SH: 10    Dex: 14    Spells: 6/6 levels left

rFire    . . .     SeeInvis .   a - +0 war axe
rCold    . . .     Faith    .   c - +0 kite shield
rNeg     . . .     Spirit   .   h - +1 plate armour
rPois    .         Reflect  .   (no helmet)
rElec    .         Harm     .   (no cloak)
rCorr    .         Rampage  .   (no gloves)
MR       +....                  (no boots)
Stlth    ..........             o - amulet of the acrobat
HPRegen  0.00/turn              p - +6 ring of strength
MPRegen  0.11/turn              (no ring)

@: non-regenerating
A: damage resistance, heal wounds, sense surroundings 1, no regeneration
a: Heal Wounds, Renounce Religion


You were on level 6 of the Dungeon.
You worshipped Makhleb.
Makhleb was noncommittal.
You visited 2 branches of the dungeon, and saw 7 of its levels.

You collected 114 gold pieces.

Inventory:

Hand Weapons
 a - a +0 war axe (weapon)
Missiles
 j - a throwing net (quivered)
Armour
 b - a +0 scale mail
 c - a +0 kite shield (worn)
 f - a +0 chain mail
   (You found it on level 2 of the Dungeon)
 h - a +1 plate armour (worn)
   (You found it on level 5 of the Dungeon)
Jewellery
 e - the amulet of the Good {Spirit rF+ rC+}
   (You took it off an orc on level 5 of the Dungeon)

   [amulet of guardian spirit]

   It causes incoming damage to be split between your health and magic.
   It protects you from fire.
   It protects you from cold.
 l - an uncursed ring of protection from cold {unknown}
   (You found it on level 6 of the Dungeon)
 o - an amulet of the acrobat (around neck)
   (You found it on level 4 of the Dungeon)
 p - a +6 ring of strength (left hand)
   (You took it off an orc on level 4 of the Dungeon)
Wands
 i - a wand of iceblast (6)
   (You took it off an orc on level 5 of the Dungeon)
Scrolls
 g - 2 scrolls of enchant armour
 m - a scroll of fear
 x - 3 scrolls of remove curse
Potions
 d - a potion of might
 k - 3 potions of degeneration {unknown}
 n - a potion of flight {unknown}
 q - a potion of curing
 t - a potion of haste {unknown}
 w - a potion of heal wounds


   Skills:
 * Level 5.1 Fighting
 * Level 5.7 Axes
 + Level 4.9 Armour
 + Level 1.7 Dodging
 - Level 4.5 Shields
 + Level 2.1 Invocations


You had 6 spell levels left.
You didn't know any spells.
Your spell library was empty.

Dungeon Overview and Level Annotations

Branches:
Dungeon (6/15)             Temple (1/1) D:5

Altars:
Gozag
Hepliaklqana
Makhleb
Nemelex Xobeh
Ru
Trog
Uskayaw
Vehumet
Wu Jian
Xom
Zin
The Shining One


Innate Abilities, Weirdness & Mutations

You are resistant to damage.
You can heal yourself by infusing magical energy.
You passively map a small area around you.
You do not regenerate.


Message History

The ogre is severely wounded.
The ogre hits you with a cursed -2 giant club!
You hit the ogre but do no damage.
The ogre is severely wounded.
The ogre hits you with a cursed -2 giant club!!
* * * LOW HITPOINT WARNING * * *
You are too injured to fight recklessly!
You are too injured to fight recklessly!
You are too injured to fight recklessly!
You are too injured to fight recklessly!
You barely miss the ogre.
The ogre is severely wounded.
The ogre hits you with a cursed -2 giant club.
* * * LOW HITPOINT WARNING * * *
You are too injured to fight recklessly!
An ogre is nearby!
You barely miss the ogre.
The ogre is severely wounded.
The ogre hits you with a cursed -2 giant club!!
You die...

|....# , .....# *#.
* ##...# , .
##...## , .##
##....# #.#..#
.#....# #.##.#
(.....# #.##.#
.###..# #.##O#
<#....# #.##@#
...#.## #.##.#
#....# #.##.##
...### ####.#...#
...#### #........#
......# #.##.#...#
......####.##.#####
..............#
...........####


You could see an ogre.

Vanquished Creatures
  Eustachio (D:4)
  An ice beast (D:5)
  2 bullfrogs (D:6)
  2 scorpions (D:5)
  3 orc wizards (D:5)
  A centaur skeleton (D:4)
  A hound (D:5)
  An orc priest (D:5)
  A worker ant (D:5)
  A hound zombie (D:6)
  A mummy (D:4)
  7 adders
  A shadow imp (D:5)
  An adder skeleton (D:6)
  3 worms
  2 leopard geckos (D:5)
  15 orcs
  3 bats (D:2)
  A giant cockroach (D:4)
  2 goblins
  A kobold (D:2)
  3 quokkas
  3 frilled lizards
  A hobgoblin zombie (D:4)
  2 kobold zombies (D:4)
  2 leopard gecko skeletons (D:4)
  An orc zombie (D:4)
  2 rats
65 creatures vanquished.

Notes
Turn   | Place    | Note
-------+----------+-------------------------------------------
     0 | D:1      | Flugslaktarn the Deep Dwarf Fighter began the quest for the
                  | Orb.
     0 | D:1      | Reached XP level 1. HP: 20/20 MP: 1/1
    74 | D:2      | Reached XP level 2. HP: 23/28 MP: 2/2
   193 | D:3      | Found a hide-covered altar of Uskayaw.
   196 | D:3      | Noticed a +0 hand axe
   196 | D:3      | Noticed a +0 hand axe
   200 | D:3      | Reached XP level 3. HP: 34/34 MP: 3/3
   243 | D:4      | Reached XP level 4. HP: 42/42 MP: 4/4
   368 | D:4      | Noticed Eustachio
   392 | D:4      | Killed Eustachio
   392 | D:4      | Reached XP level 5. HP: 39/50 MP: 5/5
   420 | D:4      | Found a hazy altar of Hepliaklqana.
   642 | D:5      | Entered Level 5 of the Dungeon
   662 | D:5      | Reached XP level 6. HP: 35/57 MP: 6/6
   808 | D:5      | Found a staircase to the Ecumenical Temple.
   808 | D:5      | Identified the amulet of the Good {Spirit rF+ rC+}
   825 | Temple   | Entered the Ecumenical Temple
   944 | Temple   | Became a worshipper of Makhleb the Destroyer
  1196 | D:5      | Reached skill level 5 in Axes
  1200 | D:5      | Reached XP level 7. HP: 54/66 MP: 7/7
  1232 | D:5      | Found a glowing golden altar of the Shining One.
  1311 | D:5      | Reached skill level 1 in Invocations
  1371 | D:5      | Reached skill level 1 in Dodging
  1616 | D:6      | Reached skill level 5 in Fighting
  1743 | D:6      | Slain by an ogre

Illustrated notes

Levels and vault maps discovered:
D:1:      evilmike_arrival_rings, layout_loops_corners, minmay_tripent
D:2:      layout_loops_cross, lemuel_doored_altar, okawaru_metal_pillars_1_2,
          lemuel_round_altar, chequers_temple_overflow_statue_of_worship,
          uniq_natasha
D:3:      layout_rooms, dancing_weapons_uskayaw, ashenzari_altar_1,
          overflow_temple_1_default, kennysheep_vampire_church
D:4:      layout_rooms, kennysheep_mini, minmay_mini_ossuary, uniq_eustachio
D:5:      layout_loops_cross, nicolae_tso_swordbearing_angel,
          minmay_temple_entry_mist
D:6:      layout_loops_ring, cheibrodos_sewer_entry_bend
Temple:   nicolae_temple_figure_zero

Skill      XL: |  1  2  3  4  5  6  7 |
---------------+----------------------+-----
Fighting       | 3 4 5 |  5.1
Axes           | 3 4 5 |  5.7
Armour         | 4 |  4.9
Shields        | 4 |  4.5
Invocations    | 2 |  2.1
Dodging        | 1 |  1.7

Action                   |  1- 3 |  4- 6 |  7- 9 || total
-------------------------+-------+-------+-------++-------
Melee: War axe           |    32 |   135 |    56 ||   223
 Abil: Heal Wounds       |     1 |     3 |       ||     4
  Use: Scroll            |       |     8 |       ||     8
Armor: Scale mail        |    12 |       |       ||    12
       Chain mail        |     6 |    45 |       ||    51
       Plate armour      |       |    43 |    28 ||    71
Dodge: Dodged            |     8 |    28 |    13 ||    49
Block: Kite shield       |    18 |    83 |    28 ||   129

Table legend: (Time is in decaauts)
 A = Elapsed time spent in this place.
 B = Non-inter-level travel time spent in this place.
 C = Inter-level travel time spent in this place.
 D = Time resting spent in this place.
 E = Time spent auto-exploring this place.
 F = Levels seen in this place.
 G = Mean time per level.
                   A        B        C        D        E       F      G
               +--------+--------+--------+--------+--------+-----+--------+
         Total |   1825 |   1692 |    133 |      0 |   1158 |   7 |  260.7 |
       Dungeon |   1693 |   1582 |    111 |      0 |   1051 |   6 |  282.2 |
        Temple |    131 |    109 |     22 |      0 |    107 |   1 |  131.0 |
               +--------+--------+--------+--------+--------+-----+--------+

Top non-repeatable levels by time:
     D:5: 787 daAuts
     D:4: 467 daAuts
     D:6: 222 daAuts
     D:2: 133 daAuts
  Temple: 131 daAuts
     D:1: 58 daAuts
     D:3: 23 daAuts
